Map: [ESL] Royal Blood

Players

Serral - Winner!

  • Race: Zerg Zerg
  • Spawn Location: 1:00

Spirit (souL)

  • Race: Terran Terran
  • League: Master
  • Spawn Location: 7:00

Event: HomeStory Cup XXIII

VOD

Have the link to the VOD?

Description

Time

  • Played on: July 1, 2023, 3:37 p.m.
  • Length: 16:37

All games in this series

Show
View Real Time Build Order
Export as new Build Order

Serral Zerg - Winner!

Build Orders: Pool First 

Get SALT Encoding   

  12  0:00  Drone  
  13  0:11  Overlord  
  13  0:17  Drone  
  14  0:30  Drone x2  
  14  0:34  Drone  
  17  0:44  Spawning Pool  
  17  0:47  Drone  
  17  1:07  Hatchery  
  17  1:10  Drone  
  17  1:13  Extractor  
  17  1:15  Drone  
  17  1:19  Drone  
  18  1:31  Queen  
  18  1:32  Zergling x2  
  21  1:38  Overlord  
  21  1:51  Drone  
  22  1:59  Drone  
  23  2:06  Queen  
  25  2:10  Drone  
  26  2:17  Hatchery  
  26  2:20  Drone  
  26  2:24  Drone  
  26  2:29  Metabolic Boost  
  27  2:32  Drone  
  27  2:36  Drone  
  29  2:40  Drone x2  
  31  2:45  Overlord  
  31  2:51  Queen  
  31  2:54  Drone  
  34  2:59  Drone x2  
  36  3:08  Overlord  
  36  3:09  Drone x2  
  36  3:12  Queen  
  38  3:18  Drone x3  
  43  3:22  Drone  
  43  3:26  Overlord  
  43  3:30  Queen  
  43  3:34  Queen  
  45  3:37  Drone  
  45  3:38  Drone  
  49  3:42  Zergling x4  
  49  3:43  Zergling x2  
  49  3:47  Overlord  
  52  3:51  Drone x3  
  52  3:53  Zergling x2  
  56  3:59  Overlord  
  56  4:01  Drone x3  
  59  4:03  Drone  
  59  4:05  Zergling x2  
  59  4:07  Drone  
  62  4:11  Queen  
  62  4:14  Queen  
  66  4:17  Drone x2  
  66  4:19  Drone  
  69  4:24  Overlord  
  69  4:28  Drone x2  
  71  4:31  Drone  
  71  4:33  Drone  
  71  4:34  Lair  
  71  4:36  Overlord  
  73  4:40  Extractor, Drone  
  73  4:41  Baneling Nest  
  73  4:45  Zergling x2  
  73  4:46  Drone x5  
  78  4:54  Zergling x2  
  78  4:59  Drone x4  
  83  5:02  Hatchery, Spore Crawler  
  83  5:03  Spore Crawler  
  83  5:04  Spore Crawler  
  83  5:07  Drone x3  
  80  5:09  Drone  
  80  5:13  Evolution Chamber x2  
  81  5:14  Drone x2  
  81  5:17  Drone x2  
  81  5:20  Queen  
  81  5:21  Extractor  
  86  5:23  Overlord  
  86  5:29  Zergling x6  
  86  5:30  Drone  
  86  5:32  Overseer  
  86  5:33  Centrifugal Hooks, Overlord  
  90  5:39  Extractor, Drone  
  90  5:40  Overlord  
  90  5:43  Drone x5  
  90  5:46  Drone x3  
  98  5:50  Overlord  
  98  5:53  Zerg Melee Weapons Level 1  
  98  5:54  Drone  
  98  5:55  Drone x3  
  101  5:57  Drone  
  101  5:59  Drone  
  103  6:05  Drone  
  103  6:08  Zerg Ground Armor Level 1  
  104  6:11  Overlord  
  104  6:15  Queen, Hatchery  
  104  6:17  Zergling x8  
  109  6:20  Overseer  
  109  6:24  Drone  
  109  6:25  Zergling x12  
  116  6:33  Baneling x8  
  116  6:34  Zergling x12  
  116  6:35  Zergling x2  
  116  6:37  Burrow  
  116  6:39  Overlord  
  123  6:43  Zergling x2  
  123  6:44  Zergling x8  
  123  6:46  Overlord  
  128  6:48  Zergling x8  
  132  6:54  Overlord  
  132  6:55  Overlord  
  132  6:58  Baneling x2  
  132  6:59  Hatchery, Baneling x5  
  132  7:00  Baneling  
  131  7:02  Zergling x6  
  131  7:06  Zergling x4  
  134  7:08  Zergling x2  
  134  7:09  Zergling x8  
  134  7:14  Overlord  
  134  7:15  Zergling x8  
  141  7:26  Zergling x8  
  143  7:30  Zergling x2  
  143  7:31  Zergling x2  
  145  7:39  Queen, Zergling x16  
  145  7:42  Baneling x9  
  154  7:47  Drone  
  154  7:48  Drone x8  
  154  7:50  Zerg Melee Weapons Level 2  
  163  7:52  Infestation Pit  
  147  8:00  Zergling x12  
  147  8:01  Zergling x6  
  138  8:07  Zergling x8  
  138  8:13  Zergling x22  
  138  8:15  Overseer  
  138  8:18  Extractor  
  138  8:19  Extractor  
  147  8:20  Drone x3  
  147  8:21  Baneling x10  
  147  8:22  Zerg Ground Armor Level 2  
  147  8:23  Drone x2  
  147  8:24  Drone  
  152  8:29  Zergling x2  
  153  8:34  Hive  
  153  8:36  Drone x3  
  153  8:39  Hatchery, Zergling x10  
  160  8:44  Pneumatized Carapace  
  160  8:45  Zergling x4  
  160  8:46  Zergling x18  
  171  8:54  Zergling x12  
  175  9:02  Zergling x16  
  183  9:13  Hydralisk Den  
  183  9:14  Zergling x12  
  187  9:19  Spore Crawler  
  187  9:20  Zergling x2  
  187  9:21  Spawning Pool  
  187  9:23  Overlord x2  
  186  9:26  Overlord  
  186  9:27  Overlord  
  186  9:37  Overlord  
  186  9:45  Baneling x19  
  186  9:50  Muscular Augments, Viper  
  186  9:51  Viper  
  192  9:55  Extractor  
  192  9:57  Drone x3  
  194  10:04  Hatchery  
  196  10:14  Adrenal Glands  
  196  10:26  Overlord x2  
  192  10:30  Zerg Missile Weapons Level 1  
  192  10:31  Spore Crawler  
  192  10:32  Zergling x20  
  200  10:39  Zerg Ground Armor Level 3  
  200  11:02  Hatchery, Grooved Spines  
  200  11:03  Zergling x4  
  191  11:47  Zergling x2  
  191  11:48  Zergling x14  
  179  11:57  Zergling x18  
  179  11:58  Zergling x34  
  176  12:03  Hydralisk  
  176  12:04  Hydralisk x6  
  176  12:05  Zergling x34  
  194  12:11  Baneling x24  
  194  12:12  Zergling x10  
  199  12:29  Zerg Missile Weapons Level 2  
  199  12:31  Baneling x12  
  199  12:32  Overseer  
  171  12:51  Zergling x14  
  171  12:52  Zergling x24  
  171  12:55  Zergling x28  
  173  12:59  Zergling x14  
  173  13:02  Zergling x8  
  173  13:05  Zergling x10  
  189  13:10  Baneling x10  
  189  13:11  Baneling x14  
  187  13:13  Zergling x16  
  187  13:17  Zergling x6, Zerg Melee Weapons Level 3  
  198  13:20  Zergling x2  
  198  13:21  Zergling x2  
  199  13:47  Baneling x24  
  199  13:52  Zergling x4  
  198  13:58  Extractor  
  198  14:01  Hatchery  
  180  14:07  Zergling x14  
  180  14:08  Zergling x54  
  162  14:10  Viper  
  162  14:12  Zergling x24  
  162  14:16  Queen x2, Zergling x2  
  162  14:17  Zergling x4  
  183  14:22  Zergling x16  
  191  14:26  Zergling x14  
  198  14:32  Baneling x11  
  198  14:33  Baneling x3, Overseer x2  
  198  14:36  Lurker Den  
  198  14:38  Extractor, Drone x3  
  199  14:39  Hatchery  
  188  14:56  Zergling x12  
  188  14:57  Zergling x52  
  184  15:01  Zergling x16  
  187  15:08  Zergling x14  
  187  15:12  Baneling x4  
  187  15:13  Baneling x34  
  194  15:15  Zergling x6  
  194  15:16  Zergling x6  
  200  15:23  Pathogen Glands  
  168  15:57  Zergling x62  
  168  15:58  Zergling x2  
  168  16:02  Zergling x26  
  168  16:03  Zergling x2  
  198  16:07  Zergling x6  
  198  16:15  Drone x6  
  199  16:19  Baneling x13  
Show
View Real Time Build Order
Export as new Build Order

Spirit Terran 

Build Orders: Command Center First 

Get SALT Encoding   

  12  0:00  SCV  
  13  0:12  SCV  
  14  0:16  Supply Depot  
  14  0:24  SCV  
  15  0:38  SCV  
  16  0:50  SCV  
  17  1:00  Command Center  
  17  1:03  SCV  
  18  1:13  Barracks  
  18  1:16  SCV  
  19  1:21  Refinery  
  19  1:28  SCV  
  19  1:30  Refinery  
  20  1:40  SCV  
  21  1:52  SCV  
  23  2:04  Marine  
  23  2:05  Orbital Command  
  23  2:10  Factory  
  23  2:16  Orbital Command  
  23  2:22  Barracks Reactor  
  23  2:27  Supply Depot  
  23  2:31  SCV  
  24  2:43  SCV  
  24  2:44  SCV  
  26  2:55  SCV  
  26  2:56  SCV  
  26  2:58  Starport  
  28  3:05  Hellion x2  
  32  3:07  SCV  
  32  3:08  SCV  
  32  3:10  Barracks Tech Lab  
  34  3:19  SCV  
  35  3:20  SCV  
  35  3:24  Command Center  
  36  3:31  SCV  
  36  3:32  SCV  
  36  3:33  Supply Depot  
  38  3:40  Banshee  
  41  3:43  SCV  
  41  3:44  SCV, Barracks Tech Lab  
  41  3:47  Hellion  
  45  3:55  Hellion, SCV  
  47  3:56  SCV  
  47  4:00  Supply Depot  
  47  4:01  Cloaking Field  
  49  4:03  Marine  
  49  4:08  SCV x2  
  49  4:09  Hellion  
  54  4:22  SCV x2  
  54  4:23  Banshee  
  61  4:26  Marine  
  62  4:34  Stimpack, SCV  
  62  4:38  Orbital Command  
  59  4:39  SCV  
  59  4:41  Barracks  
  59  4:42  Factory Reactor  
  59  4:43  Refinery x2  
  59  4:44  Barracks, Supply Depot  
  60  4:46  SCV  
  60  4:48  Supply Depot  
  60  4:49  Marine  
  60  4:51  SCV  
  63  4:58  SCV  
  64  5:00  Engineering Bay x2  
  64  5:03  Orbital Command, SCV  
  65  5:10  SCV  
  66  5:15  SCV  
  66  5:20  Command Center  
  67  5:22  SCV  
  67  5:27  SCV  
  69  5:30  Marine x2  
  69  5:31  Siege Tank, Supply Depot  
  69  5:32  Starport Reactor  
  69  5:33  SCV  
  69  5:34  SCV  
  76  5:36  Supply Depot  
  76  5:37  Marine x3  
  76  5:39  SCV  
  80  5:44  Terran Infantry Weapons Level 1, Terran Infantry Armor Level 1  
  80  5:45  SCV  
  80  5:46  SCV  
  80  5:48  Marine  
  83  5:51  SCV  
  83  5:52  Marine  
  83  5:56  Marine x2, Supply Depot  
  87  5:57  Marine, Bunker  
  87  5:58  SCV  
  87  6:00  SCV  
  90  6:05  Marine  
  90  6:08  SCV, Siege Tank  
  90  6:10  Marine, SCV  
  97  6:12  SCV, Medivac  
  97  6:13  Combat Shield  
  97  6:14  Marine, Medivac  
  97  6:17  Marine x2  
  105  6:21  SCV, Supply Depot  
  105  6:23  Marine  
  107  6:28  Marine  
  107  6:32  Supply Depot  
  108  6:34  Barracks, Marine  
  108  6:36  Barracks  
  108  6:39  SCV, Factory  
  110  6:40  Marine, Refinery x2  
  110  6:44  SCV x2, Marine  
  110  6:46  Marine  
  110  6:47  Marine  
  115  6:51  SCV  
  115  6:52  Marine  
  115  6:53  Armory  
  118  6:56  SCV  
  118  6:57  SCV  
  118  6:58  Marine  
  121  7:01  Supply Depot  
  121  7:03  Supply Depot  
  121  7:04  SCV, Marine  
  123  7:08  SCV  
  123  7:09  Marine x3  
  123  7:10  SCV  
  123  7:12  Siege Tank  
  128  7:16  SCV, Marine  
  128  7:18  Planetary Fortress  
  128  7:22  Marine  
  132  7:26  Marine  
  132  7:27  Marine x2, SCV  
  132  7:29  Barracks Reactor, Barracks Tech Lab  
  127  7:31  SCV  
  127  7:32  SCV, Concussive Shells  
  127  7:34  Marine  
  127  7:36  Supply Depot  
  130  7:39  Marine  
  131  7:44  Marine, Siege Tank  
  131  7:45  Marine x2  
  131  7:46  Terran Infantry Weapons Level 2  
  131  7:48  Marine  
  138  7:52  Marine  
  138  7:57  Marine  
  132  8:02  Marine  
  132  8:03  Marine x2  
  98  8:06  Marine x2  
  98  8:07  SCV  
  98  8:10  Marine, SCV  
  98  8:11  SCV  
  100  8:13  Terran Infantry Armor Level 2  
  100  8:15  Marine  
  100  8:16  SCV  
  100  8:19  Marine  
  103  8:20  Marine x2, SCV  
  103  8:21  Marine  
  103  8:23  Marine, Factory Tech Lab  
  103  8:25  SCV  
  109  8:28  Marine  
  109  8:29  SCV, Bunker  
  109  8:33  Marine, SCV  
  113  8:34  SCV  
  113  8:37  SCV  
  113  8:38  Marine x2  
  113  8:39  Siege Tank  
  120  8:41  SCV  
  120  8:45  SCV  
  120  8:46  SCV  
  123  8:49  SCV  
  123  8:53  SCV  
  123  8:55  Medivac  
  127  8:56  Marine, Medivac, Siege Tank  
  127  8:57  Marauder, SCV  
  127  8:58  SCV, Marauder  
  127  9:01  SCV  
  140  9:03  Supply Depot  
  140  9:05  SCV  
  140  9:09  SCV  
  142  9:10  SCV  
  142  9:11  Supply Depot  
  142  9:13  SCV  
  144  9:17  SCV, Siege Tank  
  144  9:19  Marine  
  144  9:20  Marine x6  
  144  9:21  SCV  
  144  9:23  SCV  
  153  9:25  SCV, Supply Depot  
  153  9:29  SCV, Medivac x2  
  153  9:30  Ghost Academy  
  159  9:33  Siege Tank  
  159  9:37  Marine x4  
  165  9:39  SCV x2  
  164  9:46  Command Center  
  164  9:49  Siege Tank  
  164  9:51  Sensor Tower  
  164  9:52  Sensor Tower  
  167  9:54  SCV  
  167  9:55  SCV  
  167  9:56  Marine, Marauder  
  172  10:02  Medivac x2  
  172  10:05  Siege Tank  
  172  10:06  SCV, Refinery x2  
  180  10:07  SCV  
  181  10:14  Barracks, Marine  
  181  10:15  Barracks, Marauder  
  181  10:16  Marine  
  181  10:17  Barracks, Marauder  
  181  10:18  SCV  
  188  10:25  Supply Depot  
  188  10:29  Supply Depot  
  188  10:44  Command Center  
  188  10:46  SCV x2, Siege Tank x2  
  196  10:51  Marauder  
  196  10:55  Medivac  
  200  11:01  Missile Turret  
  200  11:03  Missile Turret  
  195  11:04  Medivac  
  195  11:05  Missile Turret, Sensor Tower, Barracks Tech Lab x2  
  195  11:06  Barracks Tech Lab  
  195  11:07  Ghost  
  195  11:09  SCV  
  200  11:14  Missile Turret  
  200  11:15  Command Center  
  200  11:16  Missile Turret  
  200  11:18  Missile Turret  
  200  11:30  Missile Turret, Command Center  
  197  11:33  Siege Tank  
  197  11:38  Siege Tank  
  199  11:50  Marine  
  199  11:51  Marauder  
  199  11:52  Marauder  
  197  12:00  Marine  
  197  12:01  Marine, Marauder  
  189  12:03  SCV x4  
  189  12:05  Siege Tank  
  189  12:09  Orbital Command, Command Center, Planetary Fortress  
  189  12:12  Sensor Tower  
  189  12:14  Command Center  
  189  12:15  SCV  
  190  12:16  Siege Tank  
  193  12:32  Missile Turret  
  193  12:34  Missile Turret  
  193  12:35  Missile Turret  
  193  12:37  Siege Tank  
  193  12:38  Ghost  
  193  12:42  Command Center  
  195  12:44  Refinery  
  195  12:46  Ghost x3  
  195  12:48  Siege Tank  
  188  12:53  Marauder  
  176  13:01  Marine  
  176  13:03  Marine  
  175  13:08  Marauder  
  175  13:09  Siege Tank  
  180  13:13  Sensor Tower  
  180  13:14  Marauder  
  180  13:15  Marauder x2  
  186  13:23  Terran Infantry Weapons Level 3, Terran Infantry Armor Level 3  
  186  13:24  Sensor Tower  
  186  13:26  Planetary Fortress  
  182  13:28  Marine  
  182  13:29  Marine x2  
  182  13:33  Orbital Command  
  185  13:38  Refinery x2  
  185  13:41  Siege Tank  
  188  13:42  Missile Turret  
  188  13:44  Marine, Missile Turret  
  188  13:45  Marauder  
  191  13:49  Liberator  
  191  13:50  Marine, Marauder  
  191  13:51  Marauder  
  191  13:52  Marine  
  191  13:54  Marauder  
  191  13:55  Marine  
  196  13:57  Orbital Command  
  196  14:00  Marine, Marauder  
  190  14:06  Siege Tank  
  190  14:07  Marine  
  190  14:08  Marauder  
  168  14:12  Marauder x2  
  168  14:15  Marauder  
  173  14:17  Marine  
  173  14:18  Marine  
  173  14:19  Sensor Tower  
  173  14:20  SCV x2  
  173  14:22  Marauder  
  173  14:23  SCV  
  181  14:27  Orbital Command  
  181  14:28  SCV  
  181  14:31  Marauder  
  182  14:32  Marine  
  182  14:36  SCV  
  182  14:39  SCV  
  182  14:41  SCV  
  182  14:43  Marine  
  184  14:46  SCV  
  184  14:47  Missile Turret  
  185  14:58  Siege Tank  
  185  14:59  Marine x5  
  165  15:00  Marine x2, Marauder  
  165  15:01  Marine  
  165  15:05  Siege Tank  
  169  15:12  Planetary Fortress  
  169  15:17  Marine x5  
  169  15:18  Marauder x2  
  178  15:25  SCV  
  178  15:26  SCV x2  
  181  15:30  Siege Tank  
  181  15:32  Sensor Tower  
  184  15:37  Marine, Siege Tank  
  184  15:38  Command Center  
  184  15:39  Marine, Marauder  
  184  15:40  Marine  
  184  15:42  Marine x2  
  172  15:58  Marine  
  172  16:00  Marine x2  
  172  16:02  Marine, Siege Tank  
  172  16:03  Marine  
  147  16:04  Marine, Medivac x2  
  147  16:07  Orbital Command  
  147  16:08  Marine, Marauder  
  146  16:14  Marine  
  146  16:17  Missile Turret, Refinery  
  146  16:18  Marine, Refinery  
Tags
 
Add a new tag
Caveats
  • Supply blocks, unpowered buildings, or Contaminate may cause inaccurate times.
  • Supply counts are checked every 10 seconds.